PIO (24 & UNDER)
SEATTLE RAINIERS @ SALEM SLEDGEHAMMERS
09/11/2029
 
TOP OF THE 1ST
Seattle Rainiers batting - Pitching for Salem Sledgehammers : RHP Patrick Singleton
Pitching: RHP Patrick Singleton
Batting: RHB Roberto Casas 0-0: Bunt missed!
0-1: Ground out 6-3 (Groundball, 6M)
Batting: RHB Jesús Vélez 0-0: Ball
1-0: Foul Ball, location: 2F
1-1: Foul Ball, location: 2F
1-2: Ball
2-2: Strikes out swinging
Batting: LHB Darren Cook 0-0: Fly out, F7 (Flyball, 7)
Top of the 1st over - 0 runs, 0 hits, 0 errors, 0 left on base; Seattle 0 - Salem 0
BOTTOM OF THE 1ST
Salem Sledgehammers batting - Pitching for Seattle Rainiers : RHP César Rodríguez
Pitching: RHP César Rodríguez
Batting: RHB Randall Luna 0-0: Ball
1-0: Ball
2-0: Foul Ball, location: 2F
2-1: Ball
3-1: Base on Balls
Batting: RHB Rich Crabtree 0-0: Ball
1-0: Called Strike
1-1: Ball
Randall Luna steals 2nd base
2-1: Ball
3-1: Foul Ball, location: 2F
3-2: Strikes out swinging
Batting: RHB Rickey Núńez 0-0: Called Strike
0-1: Ball
1-1: Called Strike
1-2: Strikes out swinging
Batting: LHB José Rivas 0-0: Ball
1-0: Foul Ball, location: 2F
1-1: Foul Ball, location: 2F
1-2: Ball
2-2: 2-RUN HOME RUN (Flyball, 8RXD), Distance : 427 ft
Batting: RHB José González 0-0: Ground out 1-3 (Groundball, 13S)
Bottom of the 1st over - 2 runs, 1 hit, 0 errors, 0 left on base; Seattle 0 - Salem 2
TOP OF THE 2ND
Seattle Rainiers batting - Pitching for Salem Sledgehammers : RHP Patrick Singleton
Batting: LHB David Hernández 0-0: Ball
1-0: Called Strike
1-1: Called Strike
1-2: Ball
2-2: Ball
3-2: Base on Balls
Batting: RHB Jesús Ortíz 0-0: Ball
1-0: Called Strike
1-1: Ball
2-1: Ball
3-1: Base on Balls
David Hernández to second
Pitching: RHP Clay White
Batting: RHB John Eaves 0-0: Swinging Strike
0-1: Swinging Strike
0-2: Strikes out swinging
Batting: SHB Dwight Hill 0-0: Ball
1-0: Called Strike
1-1: Foul Ball, location: 2F
1-2: Fielders Choice at 2nd, 3-6 (Groundball, 3)
David Hernández to third
Batting: RHB Lionel Pona 0-0: Ball
1-0: SINGLE (Groundball, 56D)
David Hernández scores
Dwight Hill to second
Batting: RHB Cal Cox 0-0: Ball
1-0: SINGLE (Line Drive, 4MD)
Dwight Hill to third
Lionel Pona to second
Batting: RHB Roberto Casas 0-0: Ball
1-0: Called Strike
1-1: Fly out, F7 (Flyball, 7LDF)
Top of the 2nd over - 1 run, 2 hits, 0 errors, 3 left on base; Seattle 1 - Salem 2
BOTTOM OF THE 2ND
Salem Sledgehammers batting - Pitching for Seattle Rainiers : RHP César Rodríguez
Batting: LHB Juan Ortíz 0-0: Ball
1-0: Swinging Strike
1-1: Foul Ball, location: 2F
1-2: Ball
2-2: Ball
3-2: Base on Balls
Batting: RHB Roberto Landavazo 0-0: Called Strike
0-1: Called Strike
0-2: Ball
Juan Ortíz is caught stealing 2nd base
1-2: Strikes out swinging
Batting: LHB Adrian Neal 0-0: Swinging Strike
0-1: Foul Ball, location: 2F
0-2: Strikes out looking
Bottom of the 2nd over - 0 runs, 0 hits, 0 errors, 0 left on base; Seattle 1 - Salem 2
TOP OF THE 3RD
Seattle Rainiers batting - Pitching for Salem Sledgehammers : RHP Clay White
Batting: RHB Jesús Vélez 0-0: Ball
1-0: Ball
2-0: Called Strike
2-1: Fly out, F9 (Flyball, 9)
Batting: LHB Darren Cook 0-0: Swinging Strike
0-1: Foul Ball, location: 2F
0-2: Foul Ball, location: 2F
0-2: Strikes out swinging
Batting: LHB David Hernández 0-0: Ball
1-0: Ground out 4-3 (Groundball, 4)
Top of the 3rd over - 0 runs, 0 hits, 0 errors, 0 left on base; Seattle 1 - Salem 2
BOTTOM OF THE 3RD
Salem Sledgehammers batting - Pitching for Seattle Rainiers : RHP César Rodríguez
Batting: SHB Manuel Jiménez 0-0: SINGLE (Groundball, 4D)
Batting: RHB Randall Luna 0-0: Ball
1-0: Ball
2-0: Called Strike
2-1: Ball
3-1: Fly out, F7 (Line Drive, 7)
Batting: RHB Rich Crabtree 0-0: Foul Ball, location: 2F
0-1: Ball
1-1: Ball
2-1: Fly out, F9 (Flyball, 9S)
Batting: RHB Rickey Núńez 0-0: Called Strike
0-1: Ball
Manuel Jiménez is caught stealing 2nd base
Bottom of the 3rd over - 0 runs, 1 hit, 0 errors, 0 left on base; Seattle 1 - Salem 2
TOP OF THE 4TH
Seattle Rainiers batting - Pitching for Salem Sledgehammers : RHP Clay White
Batting: RHB Jesús Ortíz 0-0: Ball
1-0: Called Strike
1-1: Swinging Strike
1-2: Foul Ball, location: 2F
1-2: Ball
2-2: Foul Ball, location: 2F
2-2: DOUBLE (Line Drive, 8LD)
Batting: RHB John Eaves 0-0: Ball
1-0: Called Strike
1-1: Foul Ball, location: 2F
1-2: Ball
2-2: Strikes out swinging
Pitching: LHP John Dyer
Batting: SHB Dwight Hill 0-0: Called Strike
0-1: Swinging Strike
0-2: Ball
1-2: Strikes out swinging
Batting: RHB Lionel Pona 0-0: SINGLE (Line Drive, 7S)
Jesús Ortíz to third
Runner from 3rd tries for Home, SAFE, no throw
Batting: RHB Cal Cox 0-0: Foul Ball, location: 2F
0-1: TRIPLE (Flyball, 9D)
Lionel Pona scores
Batting: RHB Roberto Casas 0-0: Foul Ball, location: 2F
0-1: Swinging Strike
0-2: Strikes out looking
Top of the 4th over - 2 runs, 3 hits, 0 errors, 1 left on base; Seattle 3 - Salem 2
BOTTOM OF THE 4TH
Salem Sledgehammers batting - Pitching for Seattle Rainiers : RHP César Rodríguez
Batting: RHB Rickey Núńez 0-0: Swinging Strike
0-1: Ground out 5-3 (Groundball, 5)
Batting: LHB José Rivas 0-0: Ball
1-0: Foul Ball, location: 2F
1-1: Ball
2-1: Foul Ball, location: 2F
2-2: Foul Ball, location: 2F
2-2: Strikes out swinging
Batting: RHB José González 0-0: Ball
1-0: Called Strike
1-1: Ball
2-1: Ground out 4-3 (Groundball, 4)
Bottom of the 4th over - 0 runs, 0 hits, 0 errors, 0 left on base; Seattle 3 - Salem 2
TOP OF THE 5TH
Seattle Rainiers batting - Pitching for Salem Sledgehammers : LHP John Dyer
Batting: RHB Jesús Vélez 0-0: Fly out, F6 (Popup, 6M)
Batting: LHB Darren Cook 0-0: Ground out 4-3 (Groundball, 4)
Batting: LHB David Hernández 0-0: Foul Ball, location: 2F
0-1: Ball
1-1: Ball
2-1: Swinging Strike
2-2: Ball
3-2: Foul Ball, location: 2F
3-2: Base on Balls
Batting: RHB Jesús Ortíz 0-0: Foul Ball, location: 2F
0-1: Foul Ball, location: 2F
0-2: Ball
Wild Pitch!
David Hernández to second
1-2: Ground out 4-3 (Groundball, 4)
Top of the 5th over - 0 runs, 0 hits, 0 errors, 1 left on base; Seattle 3 - Salem 2
BOTTOM OF THE 5TH
Salem Sledgehammers batting - Pitching for Seattle Rainiers : RHP César Rodríguez
Batting: LHB Juan Ortíz 0-0: Ball
1-0: Ball
2-0: Called Strike
2-1: Foul Ball, location: 2F
2-2: Foul Ball, location: 2F
2-2: Foul Ball, location: 2F
2-2: Ball
3-2: Strikes out looking
Batting: RHB Roberto Landavazo 0-0: Swinging Strike
0-1: Fly out, F8 (Flyball, 89D)
Batting: LHB Adrian Neal 0-0: Ball
1-0: Called Strike
1-1: Foul Ball, location: 2F
1-2: Ball
2-2: Strikes out swinging
Bottom of the 5th over - 0 runs, 0 hits, 0 errors, 0 left on base; Seattle 3 - Salem 2
TOP OF THE 6TH
Seattle Rainiers batting - Pitching for Salem Sledgehammers : LHP John Dyer
Batting: RHB John Eaves 0-0: Called Strike
0-1: Swinging Strike
0-2: Fly out, F8 (Flyball, 89M)
Batting: SHB Dwight Hill 0-0: Ball
1-0: Ground out 5-3 (Groundball, 56S)
Batting: RHB Lionel Pona 0-0: Foul Ball, location: 2F
0-1: Ball
1-1: SINGLE (Line Drive, 56D)
Batting: RHB Cal Cox 0-0: Called Strike
0-1: Foul Ball, location: 2F
0-2: Ball
1-2: Ball
2-2: Strikes out looking
Top of the 6th over - 0 runs, 1 hit, 0 errors, 1 left on base; Seattle 3 - Salem 2
BOTTOM OF THE 6TH
Salem Sledgehammers batting - Pitching for Seattle Rainiers : RHP César Rodríguez
Batting: SHB Manuel Jiménez 0-0: Fly out, F9 (Flyball, 9)
Batting: RHB Randall Luna 0-0: Bunted foul
0-1: Foul Ball, location: 2F
0-2: Strikes out swinging
Batting: RHB Rich Crabtree 0-0: Called Strike
0-1: Ball
1-1: Swinging Strike
1-2: Ball
2-2: Strikes out swinging
Bottom of the 6th over - 0 runs, 0 hits, 0 errors, 0 left on base; Seattle 3 - Salem 2
TOP OF THE 7TH
Seattle Rainiers batting - Pitching for Salem Sledgehammers : LHP John Dyer
Batting: RHB Roberto Casas 0-0: Called Strike
0-1: Ball
1-1: Fly out, F3 (Popup, 34S)
Batting: RHB Jesús Vélez 0-0: Called Strike
0-1: Foul Ball, location: 2F
0-2: Fly out, F8 (Line Drive, 8LXD)
Pitching: RHP Lloyd Jones
Batting: LHB Darren Cook 0-0: Ground out 4-3 (Groundball, 34)
Top of the 7th over - 0 runs, 0 hits, 0 errors, 0 left on base; Seattle 3 - Salem 2
BOTTOM OF THE 7TH
Salem Sledgehammers batting - Pitching for Seattle Rainiers : RHP César Rodríguez
Pitching: LHP Nick Thornton
Batting: RHB Rickey Núńez 0-0: Ground out 4-3 (Groundball, 4)
Batting: LHB José Rivas 0-0: Called Strike
0-1: Ball
1-1: Ball
2-1: Called Strike
2-2: Ball
3-2: Base on Balls
Batting: RHB José González 0-0: DOUBLE (Line Drive, 7LD)
José Rivas to third
Runner from 3rd tries for Home, SAFE, no throw
Pinch Hitting: LHB Gary Cahill 0-0: Called Strike
0-1: Called Strike
0-2: Strikes out swinging
Batting: RHB Roberto Landavazo 0-0: Ball
1-0: Swinging Strike
1-1: Ball
2-1: Foul Ball, location: 2F
2-2: Strikes out looking
Bottom of the 7th over - 1 run, 1 hit, 0 errors, 1 left on base; Seattle 3 - Salem 3
TOP OF THE 8TH
Seattle Rainiers batting - Pitching for Salem Sledgehammers : RHP Lloyd Jones
Now in CF: Jake Belcher
Batting: LHB David Hernández 0-0: Ball
1-0: Ball
2-0: Foul Ball, location: 2F
2-1: Foul Ball, location: 2F
2-2: Foul Ball, location: 2F
2-2: Ball
3-2: DOUBLE (Line Drive, 7LM)
Batting: RHB Jesús Ortíz 0-0: Intentional Walk
Pinch Hitting: SHB Vicente Pagán 0-0: Bunted foul
0-1: Ball
1-1: Sac Bunt - play at first, batter OUT! 5-4
David Hernández to third
Jesús Ortíz to second
Pinch Hitting: RHB Steve Smith 0-0: Intentional Walk
Batting: RHB Lionel Pona 0-0: Ball
1-0: Foul Ball, location: 2F
1-1: Called Strike
1-2: Foul Ball, location: 2F
1-2: SINGLE (Line Drive, 78M)
David Hernández scores
Jesús Ortíz to third
Steve Smith to second
Pinch Hitting: LHB Arnold Bernard 0-0: Ball
1-0: Ball
2-0: Called Strike
2-1: Reached on error, E8 (Flyball, 8LS)
Jesús Ortíz scores
Steve Smith to third
Lionel Pona to second
Pinch Hitting: LHB Pedro Camacho 0-0: Called Strike
0-1: Ball
1-1: Ball
2-1: Ball
3-1: Fly out, F8 (Flyball, 89M)
Pinch Hitting: LHB Ramón Ramírez 0-0: Foul Ball, location: 2F
0-1: Ball
1-1: Called Strike
1-2: Ball
2-2: Foul Ball, location: 2F
2-2: Strikes out looking
Top of the 8th over - 2 runs, 2 hits, 1 error, 3 left on base; Seattle 5 - Salem 3
BOTTOM OF THE 8TH
Salem Sledgehammers batting - Pitching for Seattle Rainiers : LHP Nick Thornton
Now at 1B: Vicente Pagán
Now at 3B: Jeff Lawrence
Now at SS: Troy Holland
Now in LF: Ramón Ramírez
Now in CF: Pedro Camacho
Batting: LHB Adrian Neal 0-0: Called Strike
0-1: Ball
1-1: Called Strike
1-2: Strikes out swinging
Batting: SHB Manuel Jiménez 0-0: Ball
1-0: Called Strike
1-1: Ball
2-1: Foul Ball, location: 2F
2-2: Foul Ball, location: 2F
2-2: Strikes out looking
Batting: RHB Randall Luna 0-0: Foul Ball, location: 2F
0-1: Ground out 6-3 (Groundball, 56)
Bottom of the 8th over - 0 runs, 0 hits, 0 errors, 0 left on base; Seattle 5 - Salem 3
TOP OF THE 9TH
Seattle Rainiers batting - Pitching for Salem Sledgehammers : RHP Lloyd Jones
Batting: LHB Darren Cook 0-0: Called Strike
0-1: Ball
1-1: Ground out 4-3 (Groundball, 4)
Batting: LHB David Hernández 0-0: Called Strike
0-1: Ball
1-1: Called Strike
1-2: Foul Ball, location: 2F
1-2: Ground out 6-3 (Groundball, 6)
Pitching: RHP Leslie Simpson
Batting: RHB Jesús Ortíz 0-0: Fly out, F7 (Flyball, 7)
Top of the 9th over - 0 runs, 0 hits, 0 errors, 0 left on base; Seattle 5 - Salem 3
BOTTOM OF THE 9TH
Salem Sledgehammers batting - Pitching for Seattle Rainiers : LHP Nick Thornton
Pitching: LHP Vicente Mojica
Batting: RHB Rich Crabtree 0-0: Called Strike
0-1: Called Strike
0-2: Foul Ball, location: 2F
0-2: Ball
1-2: Ball
2-2: Ball
3-2: Strikes out swinging
Batting: RHB Rickey Núńez 0-0: Fly out, F7 (Flyball, 7S)
Batting: LHB José Rivas 0-0: Ball
1-0: Called Strike
1-1: Foul Ball, location: 2F
1-2: Ball
2-2: Ground out 1-3 (Groundball, 13)
Bottom of the 9th over - 0 runs, 0 hits, 0 errors, 0 left on base; Seattle 5 - Salem 3
Saturday, December 16th, 2017 - OOTP Baseball 18.8 Build 76